 Dungeon Crawl Stone Soup version 0.28-a0-750-g7c675f85b1 (webtiles) character file.

Game seed: 12361355244362347311

184 Borgoz the Skirmisher (level 5, -1/33 HPs)
             Began as a Gargoyle Berserker on Oct 30, 2021.
             Was a Believer of Trog.
             Slain by a goblin (5 damage)
             ... led by Robin
             ... on level 3 of the Dungeon.
             The game lasted 00:02:02 (2370 turns).

Borgoz the Skirmisher (Gargoyle Berserker)          Turns: 2370, Time: 00:02:03

Health: -1/33      AC:  6    Str: 18 (20) XL:     5   Next: 64%
Magic:  5/5        EV: 11    Int:  6 (8)  God:    Trog [**....]
Gold:   95         SH:  3    Dex:  8 (10) Spells: 4/4 levels left

rFire   . . .      SeeInvis .   a - +0 falchion
rCold   . . .      Faith    .   h - +0 buckler
rNeg    + + .      Spirit   .   b - +0 animal skin
rPois   ∞          Reflect  .   (no helmet)
rElec   +          Harm     .   (no cloak)
rCorr   .          Rampage  .   (no gloves)
Will    .....                   (no boots)
Stlth   +.........              (no amulet)
HPRegen 0.11/turn               e - ring of positive energy
MPRegen 0.09/turn               (no ring)

@: on berserk cooldown, slowed, very slow
A: sickness immunity, AC +4, negative energy resistance 1, electricity
resistance, torment resistance 1, petrification resistance
a: Renounce Religion, Berserk, Trog's Hand


You were on level 3 of the Dungeon.
You worshipped Trog.
Trog was pleased with you.
You visited 1 branch of the dungeon, and saw 3 of its levels.

You collected 95 gold pieces.

Inventory:

Hand Weapons
 a - a +0 falchion (weapon)
Armour
 b - a +0 animal skin (worn)
 h - a +0 buckler (worn)
Jewellery
 e - a ring of positive energy (left hand)
Scrolls
 c - 2 scrolls of identify {unknown}
 d - a scroll of fog {unknown}
 f - a scroll of teleportation {unknown}


   Skills:
 + Level 4.1 Fighting
 * Level 4.0 Long Blades
 + Level 3.3 Armour
 + Level 2.4 Dodging
 + Level 1.1 Shields


You had 4 spell levels left.
You didn't know any spells.
Your spell library was empty.

Dungeon Overview and Level Annotations

Branches:
Dungeon (3/15)

Altars:

Annotations:
D:3 Robin


Innate Abilities, Weirdness & Mutations

You are immune to sickness and miasma.
Your stone body is resilient. (AC +4)
You are immune to poison.
You resist negative energy. (rN+)
You are resistant to electric shocks. (rElec)
You are resistant to unholy torment.
You are immune to petrification.


Message History

Trog accepts your kill. The goblin closely misses you.
The goblin hits you with a +0 club. The hobgoblin closely misses you.
You hit the goblin but do no damage.
You feel the effects of Trog's Hand fading.
Robin roars a battlecry!
The goblins go into a battle-frenzy!
The goblin hits you but does no damage. The goblin closely misses you.
The hobgoblin closely misses you. The goblin barely misses you.
The goblin misses you. The hobgoblin hits you.
You hear an angry hiss.
You hit the goblin.
You kill the goblin!
Trog accepts your kill. The goblin closely misses you.
The hobgoblin closely misses you. Robin throws the goblin at you!
The goblin hits you with a +0 dagger. You block the hobgoblin's attack.
You closely miss the goblin. The goblin hits you but does no damage.
The goblin misses you. The hobgoblin closely misses you.
The goblin hits you but does no damage. x2
The hobgoblin hits you but does no damage.
You hit the goblin.
The goblin is severely wounded.
Your skin stops crawling.
You feel less strong-willed. The goblin closely misses you.
The goblin hits you but does no damage. The hobgoblin hits you.
The goblin closely misses you. The goblin hits you with a +0 dagger.
You closely miss the goblin.
The goblin is severely wounded.
The hobgoblin barely misses you. The goblin hits you with a +0 club.
The goblin hits you but does no damage. The hobgoblin misses you.
The goblin barely misses you.
You barely miss the goblin.
The goblin is severely wounded.
The goblin hits you with a +0 dagger.
* * * LOW HITPOINT WARNING * * *
The hobgoblin hits you.
* * * LOW HITPOINT WARNING * * *
The goblin barely misses you. The goblin hits you with a +0 dagger.
You die...

.# ####.#######
.######.########
................
.######..#######
#..# #..# # #..#
....####g.#
#..gwgg@).#
#.######g.# #..#
#..# #..# #..#
#..# ..#


You could see a worm, Robin, 2 hobgoblins and 2 goblins.

Vanquished Creatures
  An ogre (D:2)
  2 adders (D:2)
  A dart slug (D:1)
  4 ball pythons
  6 endoplasms
  A giant cockroach (D:1)
  12 goblins
  8 hobgoblins
  10 jackals
  5 kobolds
  4 quokkas
  4 bats
  5 frilled lizards
  5 rats
68 creatures vanquished.

Notes
Turn   | Place    | Note
-------+----------+-------------------------------------------
     0 | D:1      | Borgoz the Gargoyle Berserker began the quest for the Orb.
     0 | D:1      | Reached XP level 1. HP: 14/14 MP: 1/1
   120 | D:1      | Reached XP level 2. HP: 11/19 MP: 2/2
   388 | D:1      | Reached XP level 3. HP: 22/23 MP: 3/3
   537 | D:1      | Found a faded altar of an unknown god.
   552 | D:1      | Reached ** piety under Trog
   947 | D:2      | Reached XP level 4. HP: 26/29 MP: 4/4
  2138 | D:2      | Noticed an ogre
  2144 | D:2      | Killed an ogre
  2145 | D:2      | Reached skill level 1 in Shields
  2145 | D:2      | Reached XP level 5. HP: 33/33 MP: 5/5
  2342 | D:3      | Noticed Robin
  2370 | D:3      | Slain by a goblin

Illustrated notes

Levels and vault maps discovered:
D:1:      psy_arrival_whirlpool, layout_rooms,
          hellmonk_ecumenical_altar_dog_temple
D:2:      layout_basic
D:3:      layout_basic, old_standard_altar, gammafunk_ghost_icy, serial_shops,
          nicolae_shop_overgrown_old_shop, uniq_robin

Skill      XL: |  1  2  3  4 |
---------------+-------------+-----
Long Blades    | 3 4 |  4.0
Dodging        | 2 |  2.4
Armour         | 3 |  3.3
Fighting       | 4 |  4.1
Shields        | 1 |  1.1

Action                   |  1- 3 |  4- 6 || total
-------------------------+-------+-------++-------
Melee: Falchion          |    97 |    94 ||   191
Invok: Berserk           |     3 |     2 ||     5
       Trog's Hand       |       |     1 ||     1
  Use: Potion            |       |     2 ||     2
 Stab: Sleeping          |     1 |     1 ||     2
Armor: Animal skin       |    51 |    53 ||   104
Dodge: Dodged            |    74 |    81 ||   155
Block: Buckler           |       |    21 ||    21

Table legend: (Time is in decaauts)
 A = Elapsed time spent in this place.
 B = Non-inter-level travel time spent in this place.
 C = Inter-level travel time spent in this place.
 D = Time resting spent in this place.
 E = Time spent auto-exploring this place.
 F = Levels seen in this place.
 G = Mean time per level.
                   A        B        C        D        E       F      G
               +--------+--------+--------+--------+--------+-----+--------+
         Total |   2441 |   2372 |     69 |    114 |   1857 |   3 |  813.7 |
       Dungeon |   2441 |   2372 |     69 |    114 |   1857 |   3 |  813.7 |
               +--------+--------+--------+--------+--------+-----+--------+

Top non-repeatable levels by time:
     D:2: 1399 daAuts
     D:1: 956 daAuts
     D:3: 85 daAuts
